[Event "Early-Titled-Tuesday-Blitz-May-14-2024"]
[Site "Chess.com"]
[Date "2024.05.14"]
[Round "5"]
[White "vladislavkovalev"]
[Black "Tolyanius"]
[Result "1-0"]
[WhiteElo "2852"]
[BlackElo "2664"]
[TimeControl "180+1"]
[EndTime "8:55:08 PDT"]
[Termination "vladislavkovalev won by resignation"]

1. e4 e5 2. Nf3 Nc6 3. Bb5 Nge7 4. O-O a6 5. Ba4 d6 6. c3 Bd7 7. d4 Ng6 8. Re1 Be7 9. d5 Nb8 10. c4 h6 11. Nc3 Bg5 12. b4 a5 13. a3 Bxc1 14.
Qxc1 O-O 15. c5 axb4 16. axb4 Na6 17. Bxd7 Qxd7 18. c6 bxc6 19. dxc6 Qc8 20. Nd5 f5 21. Nh4 1-0

[Event "Early-Titled-Tuesday-Blitz-May-14-2024"]
[Site "Chess.com"]
[Date "2024.05.14"]
[Round "5"]
[White "Darko-Dimitrijevic"]
[Black "tgpgoat"]
[Result "0-1"]
[WhiteElo "2227"]
[BlackElo "2459"]
[TimeControl "180+1"]
[EndTime "8:55:09 PDT"]
[Termination "tgpgoat won by resignation"]

1. c4 Nf6 2. b3 e6 3. Bb2 d5 4.
g3 Be7 5. Bg2 O-O 6. d3 Nbd7 7.
Nd2 c6 8. Rc1 Re8 9. e3 Nf8 10.
Ne2 Ng6 11. O-O b6 12. Qc2 Bb7 13. Qb1 c5 14. a3 Rc8 15. Qa1 Qd7 16. Rfd1 dxc4 17.
dxc4 Bxg2 18. Kxg2 Qb7+ 19. Kg1 Rcd8 20. Nf4 Nxf4 21.
gxf4 h5 22. Nf1 h4 23. Rxd8 Rxd8 24. Re1 h3 25. e4 Nxe4 26. Bxg7 Ng5 27. Ne3 Nf3+ 28.
Kf1 Nxe1 29. Kxe1 Qh1+ 30. Nf1 Qe4+ 31. Ne3 Bh4 32. Qc3 Rd3 0-1

[Event "Early-Titled-Tuesday-Blitz-May-14-2024"]
[Site "Chess.com"]
[Date "2024.05.14"]
[Round "5"]
[White "ATM622"]
[Black "SoCalJuniorChess"]
[Result "1-0"]
[WhiteElo "2553"]
[BlackElo "2220"]
[TimeControl "180+1"]
[EndTime "8:55:16 PDT"]
[Termination "ATM622 won by resignation"]

1. d4 Nf6 2. c4 e5 3. dxe5 Ng4 4. Nf3 Bc5 5. e3 Nc6 6. Nc3 O-O 7. Be2 Ncxe5 8. Nxe5 Nxe5 9. O-O Re8 10. a3 a5 11.
Ne4 d6 12. b3 Bf5 13. Ng3 Bg6 14. f4 Qf6 15. Ra2 Bb1 16. fxe5 Qxe5 17. Rb2 Bxe3+ 18. Bxe3 Qxb2 19. Bd4 Qxa3 20. Qxb1 a4 21. bxa4 Rxa4 22. Qxb7 Raa8 23. Qxc7 Rf8 24. Nf5 Rac8 25. Ne7+ 1-0

[Event "Early-Titled-Tuesday-Blitz-May-14-2024"]
[Site "Chess.com"]
[Date "2024.05.14"]
[Round "5"]
[White "CSB7"]
[Black "hakanazeri2"]
[Result "0-1"]
[WhiteElo "2762"]
[BlackElo "2581"]
[TimeControl "180+1"]
[EndTime "8:55:21 PDT"]
[Termination "hakanazeri2 won by resignation"]

1. e4 c5 2. Nf3 Nc6 3. Bb5 e6 4. O-O Nge7 5. Re1 Ng6 6. c3 a6 7.
Bf1 Be7 8. d4 cxd4 9. cxd4 d5 10. e5 O-O 11. Nbd2 f6 12. exf6 Bxf6 13. Nb3 Kh8 14.
Be3 Qd6 15. Rc1 Bd7 16. Nc5 Rab8 17. Bc4 dxc4 18. Rxc4 Qd5 19. b3 Rbe8 20. Nxb7 e5 21. Rc5 Qg8 22. d5 Nd4 23. Nd2 Bf5 24. Nd6 Rd8 25. Nxf5 Nxf5 26. Ne4 Be7 27. Ra5 Bb4 28.
Rxa6 Rxd5 29. Nd2 Nxe3 30. Rxe3 Rxd2 0-1

[Event "Early-Titled-Tuesday-Blitz-May-14-2024"]
[Site "Chess.com"]
[Date "2024.05.14"]
[Round "5"]
[White "RuperezA"]
[Black "suyu28"]
[Result "1-0"]
[WhiteElo "2678"]
[BlackElo "2834"]
[TimeControl "180+1"]
[EndTime "8:55:23 PDT"]
[Termination "RuperezA won by resignation"]

1. e4 c5 2. Nf3 d6 3. Bb5+ Nd7 4. O-O a6 5. Bd3 Ngf6 6. Re1 g5 7. Nxg5 Ne5 8. Bf1 Rg8 9. Nf3 Bg4 10. Be2 Bh3 11.
g3 Nc6 12. Bf1 Qd7 13. Bg2 h5 14. Nh4 Bg4 15. f3 Bh3 16. c3 c4 17. b3 b5 18.
a4 Rc8 19. axb5 axb5 20. Na3 Ne5 21. bxc4 bxc4 22. Qe2 Nd3 23. Rf1 Bh6 24. Nxc4 Nxc1 25. Rfxc1 Qb5 26. Nxd6+ 1-0

[Event "Early-Titled-Tuesday-Blitz-May-14-2024"]
[Site "Chess.com"]
[Date "2024.05.14"]
[Round "5"]
[White "romulocardoso"]
[Black "maurovargas01"]
[Result "1-0"]
[WhiteElo "2312"]
[BlackElo "1958"]
[TimeControl "180+1"]
[EndTime "8:55:26 PDT"]
[Termination "romulocardoso won by resignation"]

1. e4 c5 2. Nf3 d6 3. d4 cxd4 4. Nxd4 Nf6 5. Nc3 Nc6 6. f3 g6 7.
Be3 Bg7 8. Qd2 h6 9. Bc4 g5 10. O-O-O Ne5 11. Bb3 Bd7 12. Kb1 Rc8 13. h4 g4 14. f4 Nc4 15. Bxc4 Rxc4 16. e5 Nh5 17. Qd3 Qc8 18. e6 Rxd4 19. Bxd4 Bxe6 20. Qb5+ Bd7 21. Qxh5 Qc4 22. Bxg7 Rg8 23. Qxh6 b5 24. Qh7 Rxg7 25.
Qxg7 Be6 26. Qd4 Qc7 27. h5 a6 28. h6 a5 29. h7 b4 30. h8=Q+ Kd7 31. Ne4 Qc6 32.
Nc5+ Qxc5 33. Qxc5 1-0

[Event "Early-Titled-Tuesday-Blitz-May-14-2024"]
[Site "Chess.com"]
[Date "2024.05.14"]
[Round "5"]
[White "LoaySameer"]
[Black "VerdeNotte"]
[Result "0-1"]
[WhiteElo "2540"]
[BlackElo "2856"]
[TimeControl "180+1"]
[EndTime "8:55:29 PDT"]
[Termination "VerdeNotte won by resignation"]

1. Nf3 g6 2. g3 Bg7 3. Bg2 c5 4. O-O Nc6 5. d3 d5 6. Nbd2 Nf6 7. e4 O-O 8. Re1 h6 9. c3 b6 10. e5 Ne8 11. d4 Bf5 12. Nf1 cxd4 13. Nxd4 Nxd4 14. cxd4 Rc8 15. Ne3 Be6 16. Qb3 Nc7 17.
Bd2 Qd7 18. a4 f6 19. exf6 Bxf6 20. Qd3 Kg7 21. a5 Nb5 22. Ra4 Nd6 23. b3 Nc4 24. Bc1 Nxa5 25. Ra2 Nc6 26. Bb2 Nb4 27. Qd2 Nxa2 0-1

[Event "Early-Titled-Tuesday-Blitz-May-14-2024"]
[Site "Chess.com"]
[Date "2024.05.14"]
[Round "5"]
[White "rhwr"]
[Black "dianamirza"]
[Result "1-0"]
[WhiteElo "2332"]
[BlackElo "1954"]
[TimeControl "180+1"]
[EndTime "8:55:30 PDT"]
[Termination "rhwr won by resignation"]

1. e4 c5 2. Be2 e6 3. f4 d5 4. d3 Nc6 5. Nf3 Nf6 6. e5 Nd7 7. O-O Be7 8. c3 O-O 9. d4 cxd4 10.
cxd4 f6 11. Nc3 fxe5 12. fxe5 Qb6 13. Kh1 Rxf3 14. Bxf3 Nxd4 15. Bxd5 Nxe5 16. Be4 Nf5 17. Bxf5 exf5 18. Nd5 Qd8 19. Nxe7+ Qxe7 20. Qd5+ Be6 21. Qxe5 Rd8 22. Bf4 g5 1-0

[Event "Early-Titled-Tuesday-Blitz-May-14-2024"]
[Site "Chess.com"]
[Date "2024.05.14"]
[Round "5"]
[White "crazy_but_lazy"]
[Black "Rodalquilar"]
[Result "0-1"]
[WhiteElo "2679"]
[BlackElo "2878"]
[TimeControl "180+1"]
[EndTime "8:55:33 PDT"]
[Termination "Rodalquilar won by resignation"]

1. Nf3 d5 2. g3 Nf6 3. Bg2 Bf5 4.
c4 e6 5. O-O c6 6. d3 dxc4 7. dxc4 Nbd7 8. Nc3 Be7 9. Nh4 Bg6 10.
Bf4 O-O 11. Nxg6 hxg6 12. Qc2 Qa5 13. a3 Qf5 14. e4 Qh5 15. h3 g5 16. g4 Qg6 17. Bg3 a5 18. Rae1 Bc5 19. Na4 Bd4 20.
Rd1 e5 21. Kh2 Rfe8 22. Nc3 Nf8 23. Ne2 Bc5 24. Qc3 Nxe4 25. Qc2 Nxg3 26. Qxg6 Nxf1+ 0-1

[Event "Early-Titled-Tuesday-Blitz-May-14-2024"]
[Site "Chess.com"]
[Date "2024.05.14"]
[Round "5"]
[White "PeshkaCh"]
[Black "Sadykov_Ramil"]
[Result "1-0"]
[WhiteElo "2877"]
[BlackElo "2611"]
[TimeControl "180+1"]
[EndTime "8:55:41 PDT"]
[Termination "PeshkaCh won by resignation"]

1. Nf3 Nf6 2. d4 d5 3. c4 e6 4.
Nc3 Be7 5. Bg5 h6 6. Bh4 O-O 7. e3 Ne4 8. Bxe7 Qxe7 9. cxd5 Nxc3 10. bxc3 exd5 11. Be2 c5 12. O-O b6 13. Ne5 Be6 14. f4 Bf5 15. Bf3 Rd8 16. g4 Be4 17. Bxe4 dxe4 18.
g5 Rd6 19. Kh1 Nd7 20. Qg4 cxd4 21. cxd4 Rd8 22. gxh6 Rxh6 23. Rg1 g6 24. Nc6 Qf6 25. Nxd8 Qxd8 26. Qg5 Qf8 27. Rac1 Kg7 28. Rc7 Qd6 29. Rxa7 Nf6 30. Rxf7+ 1-0

[Event "Early-Titled-Tuesday-Blitz-May-14-2024"]
[Site "Chess.com"]
[Date "2024.05.14"]
[Round "5"]
[White "dinushkipremanath"]
[Black "RantomOpening"]
[Result "0-1"]
[WhiteElo "2047"]
[BlackElo "2548"]
[TimeControl "180+1"]
[EndTime "8:55:41 PDT"]
[Termination "RantomOpening won by checkmate"]

1. d4 g6 2. Nf3 Bg7 3. Bf4 d6 4. e4 c5 5. c3 Nf6 6. Nbd2 O-O 7. h3 Nc6 8. Be2 Re8 9. d5 Nb8 10. O-O e6 11. c4 e5 12. Bg5 h6 13. Be3 Nh7 14.
Nh2 f5 15. f3 f4 16. Bf2 Bf6 17. Ng4 Bg7 18. Nh2 h5 19. Qe1 Bf6 20. g4 fxg3 21.
Bxg3 Bxh3 22. Rf2 h4 23. Rg2 Bxg2 24. Kxg2 hxg3 25. Qxg3 Bh4 26. Qxg6+ Kh8 27. Kh1 Nd7 28. Qxd6 Qe7 29. Qg6 Rg8 30. Qh5 Qg5 31. Qxg5 Bxg5 32. Ndf1 Nhf6 33. Ng3 Bf4 34. Nf5 Raf8 35. a3 Rf7 36.
Ng4 Nxg4 37. fxg4 Rh7+ 38. Kg2 Nf6 39. Bf3 Rh2+ 40. Kg1 Nxg4 41. Bxg4 Rxg4+ 42. Kf1 Rgg2 43. d6 Rf2+ 44. Ke1 Rxb2 45. d7 Rh1# 0-1

[Event "Early-Titled-Tuesday-Blitz-May-14-2024"]
[Site "Chess.com"]
[Date "2024.05.14"]
[Round "5"]
[White "Jospem"]
[Black "Skatchkov_V"]
[Result "1-0"]
[WhiteElo "2993"]
[BlackElo "2635"]
[TimeControl "180+1"]
[EndTime "8:55:42 PDT"]
[Termination "Jospem won by resignation"]

1. e4 e5 2. Nf3 d5 3. Nxe5 Bd6 4. d4 dxe4 5. Nc4 Nc6 6. Nc3 Bb4 7. d5 Nce7 8. Qd4 Nf6 9. Bg5 Nfxd5 10. Qxg7 Rg8 11. Qxg8+ Nxg8 12. Bxd8 Nxc3 13. a3 Bc5 14. Bxc7 Nb5 15. Bg3 Be6 16. O-O-O Rc8 17. Nb6 Bxb6 18.
Bxb5+ Ke7 19. Bh4+ f6 20. Rhe1 Rc5 21. Rxe4 Kf7 22.
Bd7 Bb3 23. Rd2 Ba5 24. Rde2 Bc4 25. Rxc4 1-0

[Event "Early-Titled-Tuesday-Blitz-May-14-2024"]
[Site "Chess.com"]
[Date "2024.05.14"]
[Round "5"]
[White "artin10862"]
[Black "h4parah5"]
[Result "0-1"]
[WhiteElo "2863"]
[BlackElo "3039"]
[TimeControl "180+1"]
[EndTime "8:55:42 PDT"]
[Termination "h4parah5 won by resignation"]

1. e4 c5 2. Nf3 Nc6 3. Nc3 Nf6 4. d4 cxd4 5. Nxd4 h5 6. Bg5 Qa5 7. h4 Nxe4 8. Nb3 Nxc3 9. Nxa5 Nxd1 10. Nxc6 Nxf2 11.
Kxf2 bxc6 12. Bd3 e6 13. Be3 Be7 14. g3 a5 15. c3 d5 16. Bd4 Bf6 17. b3 Ba6 18.
Bc2 c5 19. Bxf6 gxf6 20. Rhe1 Kd7 21. Re3 f5 22. Rd1 Kd6 23. Rd2 Bb7 24. Bd1 Bc6 25.
Bc2 Rab8 26. a3 Ke7 27. Ke1 Kf6 28. Kf2 Rhd8 29. Red3 e5 30. Rf3 e4 31. Rf4 d4 32.
Ke1 d3 33. Bd1 e3 34. Rh2 e2 0-1

[Event "Early-Titled-Tuesday-Blitz-May-14-2024"]
[Site "Chess.com"]
[Date "2024.05.14"]
[Round "5"]
[White "nrvisakh"]
[Black "JeFumeDesClopes"]
[Result "1-0"]
[WhiteElo "2930"]
[BlackElo "2713"]
[TimeControl "180+1"]
[EndTime "8:55:46 PDT"]
[Termination "nrvisakh won by resignation"]

1. Nf3 g6 2. d4 Bg7 3. g3 d6 4. Bg2 Nf6 5. Nc3 O-O 6. O-O Nbd7 7. e4 c5 8. Re1 cxd4 9. Nxd4 a6 10. h3 Nc5 11. b3 Bd7 12. Bb2 Rc8 13. Qd2 Re8 14.
Nd5 b5 15. Rad1 Nxd5 16. exd5 Qc7 17. h4 a5 18. h5 a4 19. b4 a3 20. Bxa3 Na4 21.
Re3 Qc4 22. Nc6 Bxc6 23. dxc6 Qxa2 24. Bd5 1-0

[Event "Early-Titled-Tuesday-Blitz-May-14-2024"]
[Site "Chess.com"]
[Date "2024.05.14"]
[Round "5"]
[White "FollowRivers"]
[Black "blitzking1729"]
[Result "0-1"]
[WhiteElo "2479"]
[BlackElo "2761"]
[TimeControl "180+1"]
[EndTime "8:55:47 PDT"]
[Termination "blitzking1729 won by resignation"]

1. Nf3 c5 2. e4 e6 3. d4 cxd4 4. Nxd4 Nc6 5. Nc3 Nf6 6. Bg5 Qa5 7. Bxf6 gxf6 8. Nb5 a6 9. Nd6+ Bxd6 10. Qxd6 Qb4 11.
Qxb4 Nxb4 12. O-O-O Ke7 13. a3 Nc6 14. f4 d6 15. Be2 b5 16. Bf3 Bd7 17. Rhe1 Rab8 18.
Rd2 b4 19. axb4 Nxb4 20. Red1 Rb6 21. Rd4 a5 22. R4d2 Rc8 23. f5 Rxc3 24. fxe6 fxe6 25. Be2 Rc8 26. Kb1 Ba4 27. Bd3 Nxd3 28. cxd3 Bxd1 29. Rxd1 0-1

[Event "Early-Titled-Tuesday-Blitz-May-14-2024"]
[Site "Chess.com"]
[Date "2024.05.14"]
[Round "5"]
[White "laiciffOneslraCsungaM"]
[Black "js20000"]
[Result "0-1"]
[WhiteElo "2420"]
[BlackElo "2756"]
[TimeControl "180+1"]
[EndTime "8:55:50 PDT"]
[Termination "js20000 won by resignation"]

1. Nf3 g6 2. g3 Bg7 3. Bg2 e5 4. O-O d5 5. d3 Nc6 6. Nbd2 Nf6 7. c4 d4 8. a3 a5 9. b3 O-O 10. Bb2 Re8 11. Ne1 Bf5 12. Ne4 Nxe4 13. dxe4 Be6 14. Nd3 a4 15. Nc5 Na5 16. Nxa4 b6 17. Bc1 b5 18. Nb2 bxc4 19. bxc4 Nxc4 20. Nxc4 Bxc4 21. a4 Bf8 22. Bd2 Ba6 23. a5 c5 24. Qa4 c4 25.
Rfd1 Qc7 26. Bb4 c3 27. Bxf8 Rxf8 28. Bf1 Rfb8 29. e3 Bxf1 30. Kxf1 c2 31. Rdc1 d3 32. Kg2 Rc8 33. Qb4 Qc3 0-1

[Event "Early-Titled-Tuesday-Blitz-May-14-2024"]
[Site "Chess.com"]
[Date "2024.05.14"]
[Round "5"]
[White "ClauAmura"]
[Black "yonaltimur"]
[Result "1-0"]
[WhiteElo "2313"]
[BlackElo "2354"]
[TimeControl "180+1"]
[EndTime "8:55:50 PDT"]
[Termination "ClauAmura won by checkmate"]

1. d4 d5 2. Bg5 f6 3. Bh4 c5 4. dxc5 e5 5. e3 Bxc5 6. Nc3 Be6 7. Bb5+ Nc6 8. Nf3 Ne7 9. O-O O-O 10. Ba4 Qe8 11. Bb3 Qf7 12. Qe2 Rfd8 13. Rfd1 d4 14. exd4 Nxd4 15. Nxd4 Rxd4 16. Ne4 Bb6 17. Nd6 Rxd6 18. Rxd6 Bxb3 19. axb3 Nf5 20. Rxb6 Nxh4 21. Rb4 Nf5 22. Qc4 b6 23. Qxf7+ Kxf7 24. Rxb6 Nd4 25. Rb7+ Kg6 26. c3 Ne6 27. Raxa7 Rd8 28. Rd7 Rb8 29. b4 e4 30. g3 Rb6 31. Kg2 f5 32. Rab7 Ra6 33. b5 Ra2 34. Rb6 Kf6 35. Rdd6 Rxb2 36. Rxe6+ Kf7 37. Rec6 e3 38. Rc7+ Ke8 39. Rb8# 1-0

[Event "Early-Titled-Tuesday-Blitz-May-14-2024"]
[Site "Chess.com"]
[Date "2024.05.14"]
[Round "5"]
[White "capatl"]
[Black "LileKoridze"]
[Result "1-0"]
[WhiteElo "2620"]
[BlackElo "2416"]
[TimeControl "180+1"]
[EndTime "8:55:53 PDT"]
[Termination "capatl won by resignation"]

1. b3 d5 2. Bb2 e6 3. Nf3 Nf6 4. e3 c5 5. Be2 Nc6 6. d4 cxd4 7. Nxd4 a6 8. O-O Bd6 9. Nd2 O-O 10. c4 e5 11. Nxc6 bxc6 12. cxd5 cxd5 13. Rc1 Bb7 14. Qc2 Qe7 15. Qf5 d4 16. exd4 exd4 17. Bd3 Qe5 18. Qxe5 Bxe5 19. Nc4 Bf4 20. Rcd1 Rad8 21. Na5 Be4 22.
Bxe4 Nxe4 23. Nc6 Rc8 24. Ne7+ Kh8 25. Nxc8 Rxc8 26. Rxd4 1-0

[Event "Early-Titled-Tuesday-Blitz-May-14-2024"]
[Site "Chess.com"]
[Date "2024.05.14"]
[Round "5"]
[White "amanjazu"]
[Black "Arimin1329"]
[Result "1-0"]
[WhiteElo "2537"]
[BlackElo "2384"]
[TimeControl "180+1"]
[EndTime "8:55:53 PDT"]
[Termination "amanjazu won by resignation"]

1. g3 Nf6 2. Bg2 g6 3. f4 Bg7 4.
Nf3 O-O 5. O-O b6 6. d3 Bb7 7. e4 d5 8. e5 Ng4 9. h3 Nh6 10. d4 c5 11. c3 cxd4 12. cxd4 Nd7 13. Be3 Ba6 14. Re1 Rc8 15. Nc3 e6 16. g4 Nb8 17.
Qd2 Nc6 18. f5 exf5 19. Bxh6 fxg4 20. hxg4 Na5 21. Bxg7 Kxg7 22. b3 Qd7 23. g5 Qg4 24. Rac1 Bb7 25. Nh2 Qe6 26. Qf4 Nc6 27. Ng4 Nb4 28.
Qf6+ Qxf6 29. exf6+ Kg8 30. Ne5 Rfe8 31. Kf2 Rxe5 32.
dxe5 Nd3+ 33. Ke2 Ba6 34. Kd2 Nxe1 35. Rxe1 d4 36. Nd5 Rc5 37. e6 fxe6 38. Rxe6 Kf8 39. Rd6 d3 40. Nb4 Rxg5 41. Bd5 Bb5 42. Rd8+ Be8 43.
f7 Rg2+ 44. Bxg2 Kxf7 45. Nxd3 1-0

[Event "Early-Titled-Tuesday-Blitz-May-14-2024"]
[Site "Chess.com"]
[Date "2024.05.14"]
[Round "5"]
[White "cycygogne"]
[Black "brunomorado"]
[Result "0-1"]
[WhiteElo "2189"]
[BlackElo "2367"]
[TimeControl "180+1"]
[EndTime "8:55:54 PDT"]
[Termination "brunomorado won by resignation"]

1. e4 c5 2. Nf3 Nc6 3. b4 cxb4 4. d4 d5 5. exd5 Qxd5 6. c4 bxc3 7. Nxc3 Qa5 8. d5 Qxc3+ 9. Bd2 Qc5 10. dxc6 bxc6 11. Rc1 Qd6 12. Bc4 e6 13. O-O Nf6 14. Qe2 Be7 15. Rfd1 O-O 16. Ne5 Nd5 17. Ba5 Bf6 18.
Ng4 Qf4 19. Nxf6+ Qxf6 20. Bxd5 cxd5 21. Bc3 Qg5 22. Bb2 Rb8 23. Rd3 Ba6 24. Qe5 Qxe5 25. Bxe5 Bxd3 26. Bxb8 Rxb8 0-1

[Event "Early-Titled-Tuesday-Blitz-May-14-2024"]
[Site "Chess.com"]
[Date "2024.05.14"]
[Round "5"]
[White "Ginger_GM"]
[Black "xakevicius91"]
[Result "1-0"]
[WhiteElo "2660"]
[BlackElo "2497"]
[TimeControl "180+1"]
[EndTime "8:55:56 PDT"]
[Termination "Ginger_GM won by resignation"]

1. c4 Nf6 2. Nc3 c5 3. e4 Nc6 4. g3 d6 5. Bg2 g6 6. Nge2 h5 7.
h3 e5 8. d3 Be6 9. Nd5 h4 10.
g4 Nd7 11. O-O g5 12. Rb1 Be7 13. a3 O-O 14. b4 b6 15. Be3 f6 16. Qd2 Nd4 17. Nec3 Re8 18. f3 Bf8 19. Rb2 Nb8 20. Bxd4 cxd4 21. Na2 Bxd5 22. cxd5 Nd7 23. Rc1 Rc8 24. Rc6 Nb8 25. b5 Be7 26. Rbc2 Qd7 27. Nb4 Nxc6 28. dxc6 Qe6 29. Nd5 Bd8 30. Qb4 Bc7 31.
Bf1 Kf7 32. Be2 Rg8 33. Bd1 Rge8 34. Rc1 Rg8 35. Bb3 1-0

[Event "Early-Titled-Tuesday-Blitz-May-14-2024"]
[Site "Chess.com"]
[Date "2024.05.14"]
[Round "5"]
[White "Nechitaylo_Nikita"]
[Black "bennyficial"]
[Result "1-0"]
[WhiteElo "2353"]
[BlackElo "2137"]
[TimeControl "180+1"]
[EndTime "8:55:57 PDT"]
[Termination "Nechitaylo_Nikita won by resignation"]

1. d4 Nf6 2. c4 e6 3. Nc3 Bb4 4. e3 O-O 5. Bd2 d5 6. Rc1 b6 7.
cxd5 exd5 8. Nf3 c6 9. Bd3 Bg4 10. O-O Nbd7 11. Ne2 Bd6 12. Rxc6 Qe7 13. Ng3 Rac8 14.
Qc2 Rxc6 15. Qxc6 Bxf3 16. Nf5 Qd8 17. Qxd6 Ne4 18. Bxe4 Bxe4 19. Ne7+ Kh8 20. Nxd5 Qg5 21. Nf4 Nf6 22. Qxf8+ 1-0

[Event "Early-Titled-Tuesday-Blitz-May-14-2024"]
[Site "Chess.com"]
[Date "2024.05.14"]
[Round "5"]
[White "Knightmare1014"]
[Black "olakenn"]
[Result "0-1"]
[WhiteElo "2286"]
[BlackElo "1934"]
[TimeControl "180+1"]
[EndTime "8:55:57 PDT"]
[Termination "olakenn won by checkmate"]

1. e4 c6 2. d4 d5 3. Nc3 dxe4 4.
Nxe4 Bf5 5. Ng3 Bg6 6. Nf3 Nd7 7.
h4 h6 8. Bc4 e6 9. Qe2 Ngf6 10.
Bf4 Be7 11. a4 O-O 12. Bb3 Qa5+ 13. Bd2 Qb6 14. O-O-O Nd5 15. Ne5 Nxe5 16. dxe5 Bb4 17. Bxb4 Qxb4 18. Qc4 Qb6 19. Rd2 Qa5 20. Ne4 b5 21. axb5 Qa1# 0-1

[Event "Early-Titled-Tuesday-Blitz-May-14-2024"]
[Site "Chess.com"]
[Date "2024.05.14"]
[Round "5"]
[White "FREDERICKtheMATE"]
[Black "Aryan_Tamadon"]
[Result "1-0"]
[WhiteElo "2680"]
[BlackElo "2522"]
[TimeControl "180+1"]
[EndTime "8:56:00 PDT"]
[Termination "FREDERICKtheMATE won by resignation"]

1. d4 Nf6 2. c4 g6 3. Nc3 Bg7 4. e4 d6 5. Nf3 O-O 6. Be2 Na6 7. O-O e5 8. Be3 exd4 9. Nxd4 Re8 10. f3 c6 11. Bf2 d5 12. exd5 cxd5 13. Ndb5 Be6 14. c5 Bf8 15. Nd6 Bxd6 16. cxd6 Qxd6 17. Qd4 Nh5 18. Rad1 Nb4 19. Nb5 Qe7 20. Bh4 Nc6 21. Qf2 f6 22. f4 Ng7 23. Bf3 Rad8 24. Nxa7 Nf5 25. Nxc6 bxc6 26. Rfe1 Qc7 27. Bxf6 Qxf4 28.
Bxd8 Rxd8 29. Rxe6 d4 30. Rxc6 Ne3 31. Rd3 Re8 32. g3 Qf7 33. Rxd4 Qxa2 34. Rc1 Nf5 35. Bd5+ Qxd5 36. Rxd5 1-0

[Event "Early-Titled-Tuesday-Blitz-May-14-2024"]
[Site "Chess.com"]
[Date "2024.05.14"]
[Round "5"]
[White "Polish_fighter3000"]
[Black "TenisMaster"]
[Result "1-0"]
[WhiteElo "3109"]
[BlackElo "2914"]
[TimeControl "180+1"]
[EndTime "8:56:02 PDT"]
[Termination "Polish_fighter3000 won by resignation"]

1. e4 e5 2. Nf3 Nc6 3. Bb5 a6 4. Ba4 Nf6 5. O-O Bc5 6. c3 b5 7. Bc2 d5 8. a4 dxe4 9. axb5 Bg4 10. bxc6 exf3 11. gxf3 Bh3 12. Re1 O-O 13. Ra5 Nd5 14.
d4 Bb6 15. Rxd5 Qxd5 16. Rxe5 Qxc6 17. Rh5 f5 18. Rxh3 Rae8 19. Ba4 Qf6 20. Bxe8 Rxe8 21.
f4 Re4 22. Be3 Qf7 23. Nd2 1-0

[Event "Early-Titled-Tuesday-Blitz-May-14-2024"]
[Site "Chess.com"]
[Date "2024.05.14"]
[Round "5"]
[White "sokidze"]
[Black "manitodeplomo"]
[Result "1-0"]
[WhiteElo "2798"]
[BlackElo "2590"]
[TimeControl "180+1"]
[EndTime "8:56:02 PDT"]
[Termination "sokidze won by resignation"]

1. d4 c5 2. d5 g6 3. e4 Bg7 4. Nf3 d6 5. Bc4 Nf6 6. Nc3 O-O 7. O-O Bg4 8. h3 Bxf3 9. Qxf3 Nbd7 10. Qe3 a6 11. a4 b6 12. f4 Nxd5 13. Qd3 Nb4 14. Qe2 e6 15. f5 exf5 16. exf5 Ne5 17. Bd5 Ra7 18. Bf4 Re8 19. Rae1 Bf6 20. Qd1 g5 21. Bg3 Kg7 22. Ne4 h6 23. c3 Nxd5 24. Qxd5 Rd7 25. Rd1 Qa8 26. Nxf6 Kxf6 27. Bxe5+ 1-0

[Event "Early-Titled-Tuesday-Blitz-May-14-2024"]
[Site "Chess.com"]
[Date "2024.05.14"]
[Round "5"]
[White "francyIM"]
[Black "Hasangatin_Ramil"]
[Result "1-0"]
[WhiteElo "2879"]
[BlackElo "2682"]
[TimeControl "180+1"]
[EndTime "8:56:04 PDT"]
[Termination "francyIM won by resignation"]

1. e4 d5 2. Nf3 dxe4 3. Ng5 Nf6 4. d3 Nc6 5. Nxe4 Nxe4 6. dxe4 Qxd1+ 7. Kxd1 f5 8. Nc3 e5 9. Nb5 Bd6 10. Bd3 f4 11.
Bd2 Be6 12. Nxd6+ cxd6 13. Bc3 g5 14. Kd2 h5 15. g3 O-O-O 16. gxf4 gxf4 17. Rag1 Rhg8 18. h4 Rg4 19. Be2 Rxg1 20. Rxg1 Rh8 21. Rg5 Bf7 22.
Rg7 Be8 23. Bc4 Bd7 24. Bd5 a6 25. a4 Rf8 26. b4 f3 27. b5 axb5 28. axb5 Nd4 29.
Bxd4 exd4 30. Bxb7+ Kxb7 31. Rxd7+ Kb6 32. Rxd6+ Kxb5 33.
Rxd4 Rf4 34. Ke3 Rxh4 35. Kxf3 Rh3+ 36. Kg2 Rc3 37. Rd5+ Kc4 38. Rxh5 Kd4 39. f3 Ke3 40. Kg3 Rxc2 41. Rh1 Rc8 42. Re1+ Kd2 43. Kf2 Rf8 44.
e5 Kd3 45. Re4 1-0

[Event "Early-Titled-Tuesday-Blitz-May-14-2024"]
[Site "Chess.com"]
[Date "2024.05.14"]
[Round "5"]
[White "ab-lsv"]
[Black "yuriydovzik"]
[Result "0-1"]
[WhiteElo "2343"]
[BlackElo "2162"]
[TimeControl "180+1"]
[EndTime "8:56:09 PDT"]
[Termination "yuriydovzik won by checkmate"]

1. d4 Nf6 2. c4 e6 3. Nc3 Bb4 4. Qc2 d5 5. cxd5 exd5 6. Bg5 h6 7. Bh4 O-O 8. e3 c5 9. dxc5 Nc6 10. Bb5 g5 11. Bg3 d4 12. Bxc6 dxc3 13. bxc3 Bf5 14. Qd2 Qxd2+ 15. Kxd2 Rad8+ 16. Ke2 Bxc3 17. Rc1 Rd2+ 18.
Kf3 Bg4# 0-1

[Event "Early-Titled-Tuesday-Blitz-May-14-2024"]
[Site "Chess.com"]
[Date "2024.05.14"]
[Round "5"]
[White "secrethawk1"]
[Black "ernestina08chess"]
[Result "0-1"]
[WhiteElo "2434"]
[BlackElo "2314"]
[TimeControl "180+1"]
[EndTime "8:56:10 PDT"]
[Termination "ernestina08chess won by resignation"]

1. e4 e6 2. d4 d5 3. Nc3 Bb4 4. exd5 exd5 5. Bd3 Nf6 6. Ne2 O-O 7. O-O Bg4 8. f3 Bh5 9. a3 Bd6 10. Bf4 Re8 11.
Qd2 Bg6 12. Rfe1 Nc6 13. Rad1 a6 14. Bxg6 hxg6 15. Bxd6 Qxd6 16. Na4 b6 17. Nac3 Ne7 18. Ng3 Rad8 19. Qd3 b5 20. Na2 Nc8 21. Qc3 Nb6 22.
Nb4 a5 23. Nc6 Na4 24. Qxa5 Qxc6 25. c3 Nxb2 26. Qb4 Nxd1 27. Rxd1 Qc4 28. Qb2 Nh5 29. Nxh5 gxh5 30. Qc2 Qe2 31. Qb1 Re3 32. Rf1 Rde8 33. Qf5 h4 34. Qxd5 Qxf1+ 0-1

[Event "Early-Titled-Tuesday-Blitz-May-14-2024"]
[Site "Chess.com"]
[Date "2024.05.14"]
[Round "5"]
[White "Baronessa08"]
[Black "Flaccidmoves"]
[Result "1-0"]
[WhiteElo "2595"]
[BlackElo "2422"]
[TimeControl "180+1"]
[EndTime "8:56:12 PDT"]
[Termination "Baronessa08 won by checkmate"]

1. c4 e6 2. Nc3 d5 3. d4 Be7 4. cxd5 exd5 5. Bf4 c6 6. e3 Bf5 7. g4 Be6 8. Bd3 Nd7 9. h4 h5 10. g5 Bb4 11. Qb3 Bxc3+ 12. bxc3 Qb6 13. Nf3 Ne7 14. Qc2 g6 15. Rb1 Qa5 16. Rxb7 Bf5 17. Ne5 Bxd3 18.
Qxd3 Nxe5 19. Bxe5 Rg8 20. O-O Kf8 21. Rfb1 Nc8 22.
Rb8 Rxb8 23. Rxb8 Ke7 24. e4 Re8 25. Qf3 dxe4 26. Qf6+ Kf8 27. Qh8+ Ke7 28. Rb7+ Kd8 29. Qf6+ Ne7 30. Qd6+ Kc8 31. Qd7# 1-0